[Event "*** SCC Grand Prix: Titled Tuesday Blitz"]
[Site "Chess.com"]
[Date "2020.07.14"]
[Round "4"]
[White "sergeikim"]
[Black "Larina_Marija"]
[Result "1-0"]
[WhiteElo "2373"]
[BlackElo "2105"]
[TimeControl "180+1"]
[EndTime "10:40:22 PDT"]
[Termination "sergeikim won by checkmate"]

1. d4 f5 2. c4 Nf6 3. g3 g6 4. Bg2 Bg7 5. Nf3 O-O 6. O-O d6 7. Nc3 Nc6 8. d5 Na5 9. Qa4 c5 10. dxc6 Nxc6 11. c5 dxc5 12. Rd1 Qb6 13. Qc4+ e6 14.
Be3 Qb4 15. Qxc5 Ng4 16. Qxb4 Nxb4 17. Bc5 Nc2 18. Rac1 Re8 19. Rxc2 e5 20. Nd5 b6 21. Nc7 Bb7 22. Nxe8 Rxe8 23. Ba3 e4 24. Ng5 h6 25.
Nh3 g5 26. Rd7 Ba8 27. e3 Ne5 28. Rxa7 Rd8 29. Rc1 Nd3 30. Rd1 Rc8 31. Bf1 Bd5 32. f4 Bxa2 33. Nf2 Bb3 34. Ra1 Nxb2 35. Rxg7+ Kxg7 36. Bxb2+ Kg6 37. Bd4 Rc2 38. Rb1 Bd5 39. Rxb6+ Kf7 40. Rf6+ Ke7 41. Rxf5 g4 42. Rxd5 Ke6 43.
Re5+ Kd6 44. Nxe4+ Kd7 45. Bb5+ Kc7 46. Rc5+ Rxc5 47. Nxc5 h5 48. Be2 h4 49. Bxg4 hxg3 50. hxg3 Kc6 51. Bf3+ Kd6 52. g4 Ke7 53. g5 Kf7 54. f5 Kg8 55. g6 Kf8 56. f6 Kg8 57. Bd5+ Kf8 58. g7+ Ke8 59. g8=Q# 1-0

[Event "*** SCC Grand Prix: Titled Tuesday Blitz"]
[Site "Chess.com"]
[Date "2020.07.14"]
[Round "4"]
[White "timator"]
[Black "Willychess95"]
[Result "1/2-1/2"]
[WhiteElo "2597"]
[BlackElo "2546"]
[TimeControl "180+1"]
[EndTime "10:40:23 PDT"]
[Termination "Game drawn - insufficient material"]

1. d4 Nf6 2. Nf3 e6 3. c4 Bb4+ 4. Bd2 a5 5. a3 Bxd2+ 6. Nbxd2 d5 7. Qc2 O-O 8. e4 dxe4 9. Nxe4 Nbd7 10. Bd3 h6 11. O-O b6 12. Nxf6+ Nxf6 13. Be4 Nxe4 14. Qxe4 Rb8 15. Rfd1 Bb7 16. Qf4 Qf6 17. Qxf6 gxf6 18. d5 Rfd8 19. dxe6 fxe6 20. Nd4 Kf7 21. Nb5 Ba6 22.
f3 Ke7 23. Kf2 c6 24. Nd4 Rd6 25. Rd2 Bxc4 26. Rc1 Bd5 27. b4 axb4 28. axb4 Rbd8 29.
Rcd1 c5 30. bxc5 bxc5 31. Ne2 e5 32. Nc3 Bc6 33. Ke3 Rxd2 34. Rxd2 Rxd2 35. Kxd2 Kd6 36. Kd3 f5 37. Ke3 c4 38. h4 Kc5 39.
Ne2 Kb4 40. Kd2 Kb3 41. Nc3 Kb2 42. g4 e4 43. gxf5 exf3 44. f6 f2 45. Nd1+ Kb3 46.
Nxf2 Bd5 47. Nd1 Bf7 48. Nc3 Kb4 49. Ne4 Bg8 50. Nd6 Kc5 51. f7 Bxf7 52. Nxf7 h5 53. Ne5 Kd5 54. Nf3 Ke4 55. Ng5+ Kf4 56. Ne6+ Kg4 57.
Ng7 Kxh4 58. Nxh5 Kxh5 59. Kc3 Kg4 60. Kxc4 1/2-1/2

[Event "*** SCC Grand Prix: Titled Tuesday Blitz"]
[Site "Chess.com"]
[Date "2020.07.14"]
[Round "4"]
[White "xberli"]
[Black "Tsyhanchuk_Stanislav"]
[Result "1/2-1/2"]
[WhiteElo "2293"]
[BlackElo "2441"]
[TimeControl "180+1"]
[EndTime "10:40:24 PDT"]
[Termination "Game drawn - insufficient material"]

1. e4 c6 2. d4 d5 3. e5 c5 4. dxc5 e6 5. a3 Nd7 6. b4 Nxe5 7. Bb2 Qc7 8. Nf3 Nxf3+ 9. Qxf3 Ne7 10. Nd2 b6 11. cxb6 axb6 12. Bd3 Ng6 13. O-O Bb7 14.
Rfe1 Rd8 15. Rac1 Qf4 16. Bxg6 Qxf3 17. Nxf3 hxg6 18. Bd4 b5 19. Bb6 Rc8 20. Nd4 Bd6 21. Nxb5 Bxh2+ 22. Kf1 Ba6 23. a4 Bf4 24. Be3 Bxe3 25.
fxe3 Bxb5+ 26. axb5 Rc4 27. Ke2 Rh2 28. Rg1 Kd7 29. Kd3 Kc7 30. c3 Kb6 31. Ra1 Rh8 32. Ra6+ Kxb5 33. Ra7 Rhc8 34. Rc1 R8c7 35. Rxc7 Rxc7 36.
Ra1 e5 37. g4 e4+ 38. Kd4 Rc4+ 39. Kxd5 Rxc3 40. Kxe4 Kxb4 41. Ra7 Rc4+ 42. Kf3 f5 43. g5 Rg4 44. Rxg7 Rxg5 45. Kf4 Rg4+ 46. Kf3 Kc3 47. Rd7 Re4 48. Rd5 Re6 49. Kf4 Kc4 50. Rd8 Kc5 51. Rd7 Rd6 52. Re7 Kd5 53. Re5+ Kc4 54. Kg5 Kd3 55. Kf4 Ke2 56. Re7 Kf2 57. e4 fxe4 58.
Rxe4 Rf6+ 59. Kg5 Rf3 60. Kxg6 Rg3+ 61. Kf5 Rf3+ 62. Rf4 Rxf4+ 63. Kxf4 1/2-1/2

[Event "*** SCC Grand Prix: Titled Tuesday Blitz"]
[Site "Chess.com"]
[Date "2020.07.14"]
[Round "4"]
[White "FontVella8"]
[Black "dpopadic"]
[Result "1-0"]
[WhiteElo "2508"]
[BlackElo "2330"]
[TimeControl "180+1"]
[EndTime "10:40:25 PDT"]
[Termination "FontVella8 won on time"]

1. b3 d6 2. Bb2 Nd7 3. Nf3 Ngf6 4.
e3 g6 5. d4 Bg7 6. c4 O-O 7.
Nbd2 c5 8. g3 e6 9. Bg2 Rb8 10.
O-O b6 11. Qc2 Bb7 12. Rfd1 Qe7 13. a3 Rfc8 14. h3 h6 15. Rac1 Nf8 16. Qb1 Ne8 17. Qa1 Nh7 18. b4 cxd4 19. Bxd4 Bxd4 20. Qxd4 Nhf6 21.
Nb1 Ne4 22. Nh4 N4f6 23. Nc3 Bxg2 24. Nxg2 a6 25. e4 Qc7 26. Ne3 Qb7 27. f4 b5 28. e5 dxe5 29. fxe5 Nh5 30. Ne4 bxc4 31. Rxc4 Rxc4 32. Nxc4 Qb5 33. Rf1 Qb7 34. g4 Nhg7 35. Ned6 Nxd6 36. Nxd6 Rd8 37. Qf4 Qb6+ 38. Kh2 Rf8 39.
Nxf7 Nf5 40. Nxh6+ Kg7 41. gxf5 exf5 42. Ng4 Rc8 43.
Ne3 Rc3 44. Rf3 Qc6 45. Rg3 Kf7 46. Nxf5 gxf5 47. Qxf5+ Ke7 48. Rg7+ Kd8 49. Qf8+ Qe8 50. Qxe8+ Kxe8 51. h4 Rxa3 52. h5 Re3 53. h6 Kf8 54.
Rg5 Re4 55. Kg3 1-0

[Event "*** SCC Grand Prix: Titled Tuesday Blitz"]
[Site "Chess.com"]
[Date "2020.07.14"]
[Round "4"]
[White "Falia-p"]
[Black "EfM13"]
[Result "0-1"]
[WhiteElo "2399"]
[BlackElo "2246"]
[TimeControl "180+1"]
[EndTime "10:40:25 PDT"]
[Termination "EfM13 won by resignation"]

1. e4 g6 2. d4 Bg7 3. Nc3 d6 4. f4 Nc6 5. Nf3 Nf6 6. Bd3 O-O 7. e5 Ne8 8. Be3 dxe5 9. fxe5 Bg4 10. Be2 e6 11. h3 Bxf3 12. Bxf3 Qh4+ 13. Bf2 Qf4 14. O-O Rd8 15. Ne2 Qg5 16. Qe1 Rd7 17. c3 Ne7 18.
Bxb7 c6 19. Ba6 Nc7 20. Bc4 Ncd5 21. Ng3 Nf5 22. Ne4 Qh6 23. Qc1 Nde3 24. Be2 Nxf1 25. Qxf1 Rb7 26. b4 Qf4 27. Nc5 Rc7 28. Kh1 Bh6 29.
Bg4 Ne3 30. Bxe3 Qxf1+ 31. Rxf1 Bxe3 32. Ne4 Kg7 33. Rf3 Bh6 34. a4 Bc1 35. a5 h5 36.
Bxh5 gxh5 37. Nf6 Bg5 38. Nxh5+ Kh6 39. Ng3 Rg8 40. Ne4 Be7 41. Rxf7 Rg7 42. Rf3 Rc8 43. Nc5 Bxc5 44. dxc5 Rd8 45. Rf4 Rd1+ 46. Kh2 Rd2 47. Rg4 Rxg4 48. hxg4 Kg5 49. b5 cxb5 50.
c6 Rd5 51. c4 bxc4 52. c7 Rc5 53. a6 Rxc7 54. Kg3 Rc5 55. Kf3 c3 56. Ke4 c2 57.
Kd4 c1=Q 58. Kd3 Qc3+ 0-1

[Event "*** SCC Grand Prix: Titled Tuesday Blitz"]
[Site "Chess.com"]
[Date "2020.07.14"]
[Round "4"]
[White "Biranidun"]
[Black "chessplayer9919"]
[Result "1-0"]
[WhiteElo "2874"]
[BlackElo "2646"]
[TimeControl "180+1"]
[EndTime "10:40:26 PDT"]
[Termination "Biranidun won on time"]

1. e4 c6 2. d4 d5 3. e5 Bf5 4. Nf3 e6 5. Be2 Ne7 6. O-O Nd7 7. c3 Bg6 8. Nh4 Nf5 9. Nxg6 hxg6 10. Nd2 Be7 11.
Nf3 Qc7 12. Bf4 O-O-O 13. Qd2 Nh4 14. Nxh4 Rxh4 15. g3 Rh7 16. h4 Rdh8 17. Kg2 Qd8 18. Rh1 g5 19. hxg5 Rxh1 20. Rxh1 Rxh1 21. Kxh1 g6 22.
Kg2 Nf8 23. b4 Nh7 24. Be3 Nxg5 25. f3 Nh7 26. a4 Kb8 27. Bd3 Nf8 28. f4 Nd7 29. a5 Qh8 30. c4 dxc4 31. Bxc4 a6 32.
Qe1 Qf8 33. Bd2 Qd8 34. Bc3 Qf8 35. Kf3 Qh6 36. Kg2 Qf8 37. Bd3 Qh6 38. Be4 Qf8 39. Kf2 Qh6 40. Qh1 Qf8 41. Qb1 Qh6 42.
Bg2 Qf8 43. Ke3 Qh6 44. Qh1 Qf8 45. Qe1 Qh6 46. Kd3 Qh2 47. Qf2 Qh6 48. Qg1 Ka8 49. Qh1 Qxh1 50. Bxh1 Kb8 51. g4 Kc7 52. Kc4 Nf8 53.
Be4 Bh4 54. f5 gxf5 55. gxf5 Kd7 56. Bd2 Be7 57. Bh6 Ke8 58. f6 Bd8 59. Kc5 Bc7 60. Bxc6+ bxc6 61. Kxc6 Bd8 62. Bxf8 Kxf8 63. b5 1-0

[Event "*** SCC Grand Prix: Titled Tuesday Blitz"]
[Site "Chess.com"]
[Date "2020.07.14"]
[Round "4"]
[White "Denmark2015"]
[Black "qingaunlee"]
[Result "1-0"]
[WhiteElo "2580"]
[BlackElo "2349"]
[TimeControl "180+1"]
[EndTime "10:40:26 PDT"]
[Termination "Denmark2015 won by resignation"]

1. d4 Nf6 2. c4 c5 3. d5 b5 4. cxb5 a6 5. b6 Qxb6 6. Nc3 Bb7 7. e4 e6 8. Bc4 Be7 9. Nf3 O-O 10. O-O exd5 11.
exd5 d6 12. b3 Nbd7 13. Re1 Rfe8 14. h3 Qc7 15. Bf4 Nh5 16. Bh2 g6 17. Qd2 Ng7 18.
Ne4 Rad8 19. Qf4 Nb6 20. Nf6+ Bxf6 21. Qxf6 Rxe1+ 22. Rxe1 Nxd5 23. Bxd5 Bxd5 24. Ng5 Nh5 25. Qc3 h6 26. Ne4 Qc6 27. Nf6+ Nxf6 28. Qxf6 Re8 29. Rxe8+ Qxe8 30. Bxd6 Qe1+ 31. Kh2 Qe4 32. f3 Qe6 33. Qxe6 Bxe6 34. Bxc5 Kg7 35. Kg3 Kf6 36. Kf4 g5+ 37. Ke4 h5 38. Bf2 g4 39. fxg4 hxg4 40. h4 Kg6 41. g3 a5 42. Be1 a4 43. bxa4 Bxa2 44. a5 Bc4 45. Kd4 Be2 46. Kc5 Ba6 47. Kb6 Be2 48.
a6 Bxa6 49. Kxa6 f5 50. Bd2 Kf6 51. Bf4 Kg6 52. Kb5 Kh5 53. Kc6 Kg6 54. Kd5 Kh5 55. Ke6 Kg6 56. Ke5 Kh5 57. Bg5 Kg6 58. Kf4 Kh5 59.
Bd8 Kg6 60. Ba5 Kf6 61. Bc3+ Kg6 62. h5+ Kxh5 63. Kxf5 Kh6 64. Kxg4 Kg6 65. Be1 Kf7 66. Kg5 Kg8 67. g4 Kh7 68. Kf6 Kg8 69. g5 Kf8 70. g6 Kg8 71. g7 Kh7 72. Kf7 Kh6 73. g8=Q 1-0

[Event "*** SCC Grand Prix: Titled Tuesday Blitz"]
[Site "Chess.com"]
[Date "2020.07.14"]
[Round "4"]
[White "anon132639"]
[Black "Parkas"]
[Result "0-1"]
[WhiteElo "2670"]
[BlackElo "2354"]
[TimeControl "180+1"]
[EndTime "10:40:26 PDT"]
[Termination "Parkas won by resignation"]

1. d4 g6 2. c4 Bg7 3. Nf3 d6 4. Nc3 e5 5. e4 Nc6 6. Be3 exd4 7. Nxd4 Nge7 8. Be2 O-O 9. O-O f5 10. exf5 Nxf5 11.
Nxf5 Bxf5 12. c5 dxc5 13. Bxc5 Qxd1 14. Raxd1 Rfe8 15. Bc4+ Be6 16. Bxe6+ Rxe6 17. Nd5 Rc8 18. Rfe1 Kf7 19. Rxe6 Kxe6 20. Nf4+ Kf5 21. g3 Rd8 22. Rxd8 Nxd8 23. b3 b6 24. Be3 Ne6 25. Nd3 Ke4 26. Ne1 Bd4 27. Bd2 b5 28. Kf1 c5 29. f3+ Kd5 30.
Ke2 c4 31. bxc4+ bxc4 32. Nc2 c3 33. Be1 Kc4 34. f4 h5 35. h3 a6 36. Na3+ Kb4 37.
Nc2+ Kc4 38. Na1 Bc5 39. Nc2 a5 40. Kd1 a4 41. Ke2 Nc7 42. g4 Ne6 43. f5 gxf5 44. gxf5 Nf4+ 45. Kf3 Nxh3 46. f6 Kd3 47. Na1 c2 48.
Nxc2 Kxc2 49. Ke4 Kb2 50. Kd5 Bf8 51. Bg3 Kxa2 52. Bd6 Bxd6 53. Kxd6 Ng5 54. Ke5 a3 55. Kf5 Nh7 56. f7 Kb2 57. Kg6 Nf8+ 58. Kg7 Nd7 59.
Kg6 a2 60. f8=Q Nxf8+ 0-1

[Event "*** SCC Grand Prix: Titled Tuesday Blitz"]
[Site "Chess.com"]
[Date "2020.07.14"]
[Round "4"]
[White "AttackSparrow"]
[Black "Brave_spirit12"]
[Result "0-1"]
[WhiteElo "2309"]
[BlackElo "2492"]
[TimeControl "180+1"]
[EndTime "10:40:27 PDT"]
[Termination "Brave_spirit12 won by resignation"]

1. e4 e6 2. d4 d5 3. Bd3 c5 4.
exd5 exd5 5. Nf3 Nc6 6. O-O Bd6 7. Re1+ Nge7 8. dxc5 Bxc5 9. Nbd2 O-O 10. Nb3 Bd6 11. Bg5 f6 12. Bh4 Bg4 13. Bg3 Ne5 14. Be2 Rc8 15. Nxe5 Bxe2 16. Qxe2 fxe5 17. Bxe5 Bxe5 18.
Qxe5 Rxc2 19. Qxe7 Qxe7 20. Rxe7 Rfxf2 21. Nd4 Rxg2+ 22. Kf1 Rcf2+ 23. Ke1 Rxb2 24. Re8+ Kf7 25. Re2 Rxh2 26. Rxb2 Rxb2 27. Ne2 g5 28. Kf2 Ke6 29. Ke3 Ke5 30. Rg1 h6 31. Rh1 Rxa2 32. Rxh6 a5 33. Rg6 b5 34. Rxg5+ Kd6 35. Nd4 b4 36. Rg6+ Kd7 37.
Rb6 Kc7 38. Rb5 Kd6 39. Rb6+ Kc7 40. Rb5 Ra3+ 41. Kd2 Kd6 42. Nf5+ Ke5 43. Ne3 Ke4 44. Nxd5 Rd3+ 45. Kc2 Rxd5 46. Rb8 Kd4 47. Kb3 Kc5 48.
Rc8+ Kb6 49. Ka4 Rd7 50. Rg8 Rd3 51. Rb8+ Kc7 52. Rh8 Ra3+ 53. Kb5 Kd6 54. Rh5 b3 55. Rh3 b2 56. Rxa3 b1=Q+ 57. Kxa5 Qb2 58. Ra4 Kc5 0-1

[Event "*** SCC Grand Prix: Titled Tuesday Blitz"]
[Site "Chess.com"]
[Date "2020.07.14"]
[Round "4"]
[White "ditkin25"]
[Black "Misticpikachu"]
[Result "0-1"]
[WhiteElo "2395"]
[BlackElo "2240"]
[TimeControl "180+1"]
[EndTime "10:40:27 PDT"]
[Termination "Misticpikachu won by resignation"]

1. e4 c5 2. Nf3 Nc6 3. Nc3 Nf6 4.
d4 cxd4 5. Nxd4 e6 6. Be2 Bb4 7. O-O Bxc3 8. bxc3 Nxe4 9. Qd3 d5 10. Ba3 Qa5 11. Nb5 a6 12. Nd6+ Nxd6 13. Bxd6 Qd8 14.
Qg3 Qf6 15. c4 Nd4 16. Bd3 dxc4 17. Bxc4 Nf5 18. Qa3 Nxd6 19. Qxd6 Qe7 20. Qg3 O-O 21. Rfe1 b5 22. Bd5 Bb7 23. Bxb7 Qxb7 24. h4 h6 25. Re3 Rac8 26. c3 Rfd8 27. Rae1 Qd5 28. Qf4 Rc4 29. Qg3 Qf5 30. Rf3 Qg4 31. Qe5 Qxh4 32. Rg3 Rg4 33. Qc7 Rxg3 34. fxg3 Qg5 35. Rf1 Rf8 36.
Rf3 Qc1+ 37. Kh2 Qc2 38. a3 Qb3 39. Qd6 Qa4 40. Rf4 Qa5 41. Qe5 Rc8 42. Rg4 g6 43. Rxg6+ fxg6 44. Qxe6+ Kg7 45. Qd7+ Kf6 46. Qxc8 Qxa3 47.
Qc6+ Kf5 48. Qf3+ Ke6 49. Qe3+ Kf6 50. Qf4+ Kg7 51. Qc7+ Kf6 52. Qd6+ Qxd6 0-1

[Event "*** SCC Grand Prix: Titled Tuesday Blitz"]
[Site "Chess.com"]
[Date "2020.07.14"]
[Round "4"]
[White "malandragem"]
[Black "teacher4chess"]
[Result "1-0"]
[WhiteElo "2352"]
[BlackElo "2020"]
[TimeControl "180+1"]
[EndTime "10:40:27 PDT"]
[Termination "malandragem won by checkmate"]

1. e4 Nf6 2. e5 Nd5 3. d4 d6 4.
c4 Nb6 5. f4 g6 6. Nc3 Bg7 7.
Be3 O-O 8. Be2 Nc6 9. c5 dxc5 10.
dxc5 Nd7 11. Nf3 e6 12. h4 Ne7 13. h5 Nf5 14. Bf2 Qe7 15. g4 Nxc5 16. gxf5 exf5 17.
h6 Bh8 18. Nd5 Qd7 19. Bxc5 Rd8 20. Ne7+ Qxe7 21. Bxe7 Rxd1+ 22. Rxd1 Be6 23. Kf2 Re8 24. Ba3 Bxa2 25. Rd2 Be6 26. Rc1 c6 27. b4 Bd5 28.
b5 f6 29. bxc6 bxc6 30. Bc4 fxe5 31. Bxd5+ cxd5 32. Rxd5 exf4 33. Rcd1 Bf6 34. Rd7 g5 35. R1d6 Be7 36. Re6 Kf7 37. Rexe7+ Rxe7 38. Rxe7+ Kg6 39. Rg7+ Kxh6 40. Rxg5 a5 41. Rxf5 a4 42. Rxf4 Kg6 43. Rxa4 h5 44. Nh4+ Kg5 45. Bc1+ Kf6 46. Bf4 Ke6 47.
Rd4 Kf7 48. Rd6 Ke7 49. Nf5+ Kf7 50. Kg3 h4+ 51. Kxh4 Ke8 52. Kg5 Kf7 53. Be5 Ke8 54.
Kf6 Kf8 55. Rd8# 1-0

[Event "*** SCC Grand Prix: Titled Tuesday Blitz"]
[Site "Chess.com"]
[Date "2020.07.14"]
[Round "4"]
[White "DishonorOnYourCow"]
[Black "XDPS"]
[Result "1/2-1/2"]
[WhiteElo "2346"]
[BlackElo "2680"]
[TimeControl "180+1"]
[EndTime "10:40:29 PDT"]
[Termination "Game drawn by repetition"]

1. d4 d5 2. c4 dxc4 3. Nf3 Nf6 4. e3 Bg4 5. Bxc4 e6 6. h3 Bh5 7. Nbd2 a6 8. O-O Nc6 9. Be2 Bd6 10. b3 O-O 11. Bb2 Qe8 12. Nc4 Rd8 13. Rc1 Bg6 14. Nxd6 cxd6 15. Qe1 Qd7 16. Ba3 Rc8 17. Nh4 Ne7 18.
Nxg6 Nxg6 19. Qa5 Rfd8 20. Qb6 d5 21. Bd3 Ne7 22. Rxc8 Rxc8 23. Rc1 Rxc1+ 24. Bxc1 Nc8 25. Qc5 Nd6 26. Ba3 Nfe8 27. e4 dxe4 28. Bxe4 h6 29. Bf3 Kh7 30. d5 e5 31. Qe3 f6 32. Be2 Kg8 33. Bd3 Qf7 34. Qc5 Qd7 35. Bb1 e4 36.
Qe3 f5 37. Qd4 Nf6 38. Bc2 Nb5 39. Qc5 Nxa3 40. Qxa3 Nxd5 41. b4 Nf6 42. Qb3+ Kh8 43. Qc3 Kh7 44. Qc5 Kg6 45. Bb3 Qd8 46. Qe5 Qd7 47.
Be6 Qd1+ 48. Kh2 Qh5 49. Qc7 Kh7 50. Bf7 Qg5 51. Qe5 f4 52. Qe6 e3 53. fxe3 Qg3+ 54.
Kh1 Qe1+ 55. Kh2 Qg3+ 56. Kh1 Qxe3 57. Qf5+ Kh8 58. Qc8+ Kh7 59. Qf5+ Kh8 60. Qc8+ Kh7 61. Qf5+ 1/2-1/2

[Event "*** SCC Grand Prix: Titled Tuesday Blitz"]
[Site "Chess.com"]
[Date "2020.07.14"]
[Round "4"]
[White "GeorgMeier"]
[Black "frederiksvane"]
[Result "1/2-1/2"]
[WhiteElo "2954"]
[BlackElo "2687"]
[TimeControl "180+1"]
[EndTime "10:40:30 PDT"]
[Termination "Game drawn by agreement"]

1. Nf3 Nf6 2. g3 g6 3. Bg2 Bg7 4. O-O O-O 5. d4 d5 6. c4 c6 7.
cxd5 cxd5 8. Nc3 Ne4 9. Ne5 Nxc3 10. bxc3 Nc6 11. Nxc6 bxc6 12. Qa4 Qb6 13. Ba3 Qa6 14. Qxa6 Bxa6 15. Rfb1 Rfb8 16. Bf1 Bf8 17. e3 Bxf1 18. Kxf1 e6 19. Bxf8 Kxf8 20. Ke2 Rb6 21. Rb3 Ke7 22. Kd3 Kd6 23. c4 c5 24. cxd5 Kxd5 25. e4+ Kd6 26. Rab1 cxd4 27. Kxd4 e5+ 28. Ke3 Rab8 29. Rd1+ Ke6 30.
Ra3 R8b7 31. Rd5 Rc7 32. Rda5 Rbb7 33. h4 h5 34. Ra6+ Ke7 35. f4 exf4+ 36. gxf4 Kf8 37. R6a4 Rc2 38. Rxa7 Rxa7 39. Rxa7 Rh2 40. Kd4 Rxh4 41.
Ke5 Kg7 42. f5 gxf5 43. Kxf5 Rg4 44. e5 Rg6 45. Ra4 Rg2 46. Ra7 Rg6 47. Ra4 Rg2 48.
a3 Rf2+ 49. Kg5 Re2 50. Ra5 Rh2 51. a4 h4 52. Kg4 h3 53. Kg3 Rh1 54. Rb5 h2 55. a5 Kg6 56. Kg2 Ra1 57. Kxh2 Kf5 58.
Kg3 Ra3+ 59. Kf2 f6 60. exf6+ Kxf6 61. Ke2 Ke6 62. Kd2 Kd6 63. Kc2 Kc6 64. Rh5 Kb7 65. Kb2 Rg3 1/2-1/2

[Event "*** SCC Grand Prix: Titled Tuesday Blitz"]
[Site "Chess.com"]
[Date "2020.07.14"]
[Round "4"]
[White "Dinamo81"]
[Black "turayev_shahruh17"]
[Result "1-0"]
[WhiteElo "2646"]
[BlackElo "2464"]
[TimeControl "180+1"]
[EndTime "10:40:31 PDT"]
[Termination "Dinamo81 won by resignation"]

1. d4 d5 2. Bf4 Nf6 3. e3 c5 4. Nc3 a6 5. dxc5 Nc6 6. a3 h6 7.
b4 e5 8. Bg3 d4 9. Na4 Bf5 10.
Nb6 Rb8 11. Nf3 dxe3 12. fxe3 Qe7 13. Bc4 Rd8 14. Qe2 Bg4 15. O-O Ne4 16. Qe1 g6 17.
Bxf7+ Qxf7 18. Nxe5 Qe6 19. Nxg4 Qxg4 20. Rf4 Qe6 21. Qe2 Bg7 22. Raf1 Rf8 23. c4 Rxf4 24.
Bxf4 Ne7 25. h3 g5 26. Bc7 Rd2 27. Qh5+ Ng6 28. Qf3 Ra2 29. Nd5 Nd2 30. Qe2 Nxf1 31. Qxa2 Nxe3 32. Bg3 Bd4 33. Nc7+ Kf7 34. Nxe6 Nd1+ 35.
Kh2 Kxe6 36. Qe2+ Ne3 37. Bf2 Nf4 38. Qf3 Nf1+ 39. Kg1 Nd2 40. Qg4+ Ke5 41. Bxd4+ Kxd4 42. Qd7+ Ke3 43. Qe7+ Kd3 44. Qxb7 Ne2+ 45. Kf2 Ne4+ 46. Ke1 Nd4 47. Qd5 Ke3 48. c6 Nc3 49. Qe5+ Ne4 50.
c7 Nc2+ 51. Kd1 Nd4 52. c8=Q 1-0

[Event "*** SCC Grand Prix: Titled Tuesday Blitz"]
[Site "Chess.com"]
[Date "2020.07.14"]
[Round "4"]
[White "PavelChernomordik"]
[Black "Niclox"]
[Result "0-1"]
[WhiteElo "2339"]
[BlackElo "2725"]
[TimeControl "180+1"]
[EndTime "10:40:31 PDT"]
[Termination "Niclox won on time"]

1. e4 c5 2. Nc3 e6 3. f4 a6 4.
g3 b5 5. Bg2 Bb7 6. Qe2 b4 7.
Nd1 d5 8. exd5 Bxd5 9. Ne3 Bxg2 10. Qxg2 Nd7 11. Nf3 Ngf6 12. f5 e5 13. d3 Be7 14.
O-O O-O 15. Nc4 Nb6 16. Ncxe5 Bd6 17. Bg5 Bxe5 18. Nxe5 Qd4+ 19. Kh1 Qxe5 20. Rae1 Qxb2 21. g4 Nbd5 22. Bc1 Qxa2 23. g5 Nh5 24. Re5 Rad8 25.
Qe2 g6 26. fxg6 hxg6 27. Qf3 Qxc2 28. Rxd5 Rxd5 29. Qxd5 Qe2 30. Kg1 Qe6 31. Qxc5 Qg4+ 32.
Kh1 Re8 33. Qd5 Qe6 34. Qf3 Rc8 35. Bb2 Qc6 36. Qxc6 Rxc6 37. Be5 a5 38. d4 Rc8 39.
d5 Ng7 40. Ra1 Ra8 41. Bd6 b3 42. Ba3 a4 43. Rc1 Nf5 44. Rc4 Ne3 45. Rc3 Nxd5 46.
Rd3 Nf4 47. Re3 Ne6 48. h4 Nd4 49. Kg2 Nf5 50. Re4 Ng7 51. Rc4 Ne6 0-1

[Event "*** SCC Grand Prix: Titled Tuesday Blitz"]
[Site "Chess.com"]
[Date "2020.07.14"]
[Round "4"]
[White "Alexsur1981"]
[Black "Forantes"]
[Result "1-0"]
[WhiteElo "2537"]
[BlackElo "2357"]
[TimeControl "180+1"]
[EndTime "10:40:32 PDT"]
[Termination "Alexsur1981 won on time"]

1. e4 c5 2. Nc3 Nc6 3. Bb5 Nd4 4. Nf3 e6 5. O-O a6 6. Bd3 d6 7. Nxd4 cxd4 8. Ne2 d5 9. exd5 Qxd5 10. c4 dxc3 11.
dxc3 Nf6 12. Qc2 Be7 13. Bf4 Bd7 14. Bg3 Rd8 15. Rad1 Bc6 16. Nf4 Qg5 17. Qe2 h5 18. h4 Qg4 19. Qe3 Nd5 20. Nxd5 Rxd5 21. Be2 Qa4 22.
a3 Bc5 23. Qf4 Qxf4 24. Bxf4 Be7 25. g3 Bf6 26. Be3 Rxd1 27. Rxd1 g6 28. Bf1 O-O 29. Bg2 Rd8 30. Rxd8+ Bxd8 31. Bxc6 bxc6 32. Kf1 Kf8 33. Ke2 Ke7 34. Kd3 Kd6 35. b4 Kd5 36. c4+ Kd6 37. a4 e5 38. b5 cxb5 39. cxb5 axb5 40. axb5 Kd5 41. Kc3 Ba5+ 42. Kb3 f5 43. Ka4 Be1 44. Kb3 f4 45. gxf4 exf4 46. Bxf4 Bxf2 47. Bg5 Kc5 48.
Ka4 Kb6 49. Bd8+ Kb7 50. Kb4 Kc8 51. Bg5 Kd7 52. Kc4 Kd6 53. Bf6 Bb6 54. Bg5 Ke5 55.
Kd3 Kf5 56. Be3 Bc7 57. b6 Bb8 58. b7 Ke6 59. Ke4 1-0

[Event "*** SCC Grand Prix: Titled Tuesday Blitz"]
[Site "Chess.com"]
[Date "2020.07.14"]
[Round "4"]
[White "Aronyak1"]
[Black "FairChess_on_YouTube"]
[Result "1/2-1/2"]
[WhiteElo "2754"]
[BlackElo "2989"]
[TimeControl "180+1"]
[EndTime "10:40:33 PDT"]
[Termination "Game drawn by repetition"]

1. c4 e6 2. Nc3 d5 3. e3 Nf6 4. Nf3 a6 5. b3 b6 6. Bb2 Bb7 7. cxd5 exd5 8. d4 Bd6 9. Bd3 Nbd7 10. O-O O-O 11. Rc1 Re8 12. Ne2 Ne4 13. Qc2 Qf6 14.
Ne5 Qh6 15. Bxe4 dxe4 16. Ng3 Nf6 17. Nf5 Qg5 18. Nxd6 cxd6 19. Qc7 Bd5 20. Qxd6 Re6 21. Qc7 h5 22. Nxf7 Qh4 23. Ne5 Kh7 24. Ba3 Ng4 25. Nxg4 Qxg4 26. Qf4 Qxf4 27. exf4 e3 28. Rfe1 Rae8 29.
fxe3 Rxe3 30. Kf2 Rxe1 31. Rxe1 Rxe1 32. Kxe1 Bxg2 33. Kf2 Bd5 34. Kg3 Kg6 35. Bf8 Kf6 36. Kh4 g6 37. Kg3 Kf5 38. Bd6 Ke4 39. Be5 b5 40.
Kh4 Kf5 41. Kg3 a5 42. Bc7 a4 43. bxa4 bxa4 44. a3 Ke4 45. Be5 Be6 46. Kh4 Kf5 47.
Kg3 Ke4 48. Kf2 Kd3 49. Kf3 Bd5+ 50. Kg3 Ke4 51. Kf2 Kd3 52. Kg3 Ke4 53. Kh4 Kf5 54. Kh3 Ke4 55. Kg3 Kf5 56. Kf2 Kg4 57. Ke3 Kf5 58.
Kd3 Ke6 59. Kc3 Bb3 60. Kb4 Kd5 61. Kb5 Bc2 62. Kb6 Bf5 63. Kc7 Bc2 64. Kd8 Bf5 65.
Ke7 Be4 66. Kf6 Bf5 67. Ke7 Be4 68. Kf7 Bf5 69. Kg7 Be4 70. Kh6 Bf5 71. Kg5 Be4 72. Kf6 Bf5 73. Ke7 1/2-1/2

[Event "*** SCC Grand Prix: Titled Tuesday Blitz"]
[Site "Chess.com"]
[Date "2020.07.14"]
[Round "4"]
[White "Shubinkirill2003"]
[Black "CarlosAlbornoz"]
[Result "1/2-1/2"]
[WhiteElo "2643"]
[BlackElo "2807"]
[TimeControl "180+1"]
[EndTime "10:40:33 PDT"]
[Termination "Game drawn by repetition"]

1. e4 c5 2. Nf3 d6 3. Bb5+ Nc6 4. d4 cxd4 5. Qxd4 Bd7 6. Qd3 Nf6 7. c4 a6 8. Bxc6 Bxc6 9. Nc3 g6 10. h3 Bg7 11. O-O O-O 12. Nd4 Rc8 13. Be3 Nd7 14.
Rac1 Ne5 15. Qe2 Bd7 16. b3 Nc6 17. Rfd1 Qa5 18. Nd5 Qd8 19. Nxc6 Bxc6 20. c5 Re8 21. Nb6 Rb8 22. Nc4 Bb5 23. Bf4 Bxc4 24. Rxc4 Qa5 25.
cxd6 exd6 26. Rxd6 Rbc8 27. Rd5 b5 28. Rxc8 Rxc8 29.
Kh2 h5 30. a4 Qb4 31. axb5 axb5 32. Rxb5 Qd4 33. Rb8 Rxb8 34. Bxb8 Qb6 35. Bg3 Qxb3 36.
h4 Qe6 37. e5 Qf5 38. Qe3 Qe6 39. Qe2 Qf5 40. Qe3 Kh7 41. f4 Qg4 42. Qf3 Qe6 43. Qe4 Bh6 44. Qf3 Qf5 45. Qe3 Qg4 46. Qe4 Kg8 47. Qe3 Qf5 48. Qf3 Bf8 49. Bf2 Be7 50.
g3 Qe6 51. Kg2 Bf8 52. Qe4 Qa2 53. Qf3 Bc5 54. Kg1 Qb1+ 55. Kg2 Qc2 56. Kg1 Bf8 57. Kg2 Qf5 58. Kg1 Bg7 59. Kg2 Kh7 60. Qe3 Qe6 61. Qf3 Bf8 62. Kg1 Be7 63. Kg2 Bd8 64. Qe3 Be7 65.
Qf3 Bf8 66. Qe3 Bg7 67. Qf3 Qf5 68. Qe3 Qg4 69. Qf3 Qd7 70. Qe3 Bf8 71. Qf3 Kg8 72.
Qe4 Qe6 73. Qf3 Qf5 74. Qe3 Qe6 75. Qf3 Be7 76. Qe4 Kg7 77. Qf3 Kh7 78. Qe3 Qd5+ 79.
Qf3 Qd7 80. Qe3 Qe6 81. Qf3 1/2-1/2

[Event "*** SCC Grand Prix: Titled Tuesday Blitz"]
[Site "Chess.com"]
[Date "2020.07.14"]
[Round "4"]
[White "MergenKakabaev"]
[Black "JoliyRoger"]
[Result "0-1"]
[WhiteElo "2421"]
[BlackElo "2274"]
[TimeControl "180+1"]
[EndTime "10:40:35 PDT"]
[Termination "JoliyRoger won by resignation"]

1. e4 c6 2. d4 d5 3. e5 Bf5 4.
h4 Qb6 5. g4 Bd7 6. Nc3 e6 7.
Nf3 c5 8. Bd3 cxd4 9. Ne2 Nc6 10. a3 Nge7 11. h5 Ng8 12. b4 Nh6 13.
g5 Nf5 14. Bxf5 exf5 15. Nexd4 a5 16. Rb1 axb4 17. axb4 Be7 18. c3 Nxd4 19. Qxd4 Qc7 20.
Bf4 Be6 21. O-O O-O 22. Qd3 Rfc8 23. Rfc1 Ra3 24. Bd2 Qb8 25. Qe3 Rc4 26. Nd4 Bxb4 27. Rxb4 Rxb4 28. cxb4 Rxe3 29. Bxe3 h6 30. gxh6 gxh6 31.
f4 Kh7 32. Kf2 Qg8 33. Rg1 Qa8 34. Rc1 Qa2+ 35. Rc2 Qa3 36. Nxe6 fxe6 37. Rc7+ Kg8 38. Rxb7 Qa2+ 39. Kg3 Qb3 40. Kf2 Qc2+ 41. Ke1 Qc3+ 42. Bd2 Qg3+ 43. Kd1 d4 44. Rb8+ Kf7 45. b5 Qf3+ 46.
Kc1 Qa3+ 47. Kc2 Qa4+ 48. Kd3 Qb3+ 49. Kxd4 Qd5+ 50. Kc3 Qf3+ 51. Kc2 Qe4+ 52. Kb2 Qd4+ 53.
Bc3 Qf2+ 54. Kb3 Qxf4 55. b6 Qe4 56. b7 Qd5+ 57. Ka3 Qb5 58. Bb4 Kg7 59. Kb3 Kh7 60.
Kc3 Qc6+ 61. Kb2 Qb6 62. Ka3 Qa7+ 63. Kb3 Qxb8 0-1